 Dungeon Crawl Stone Soup version 0.27.1-34-g3ba077fa99 (webtiles) character file.

Game seed: 8310273132141295821

4 Delamore the Scratcher (level 1, -2/9 HPs)
             Began as a Felid Transmuter on Jan 21, 2022.
             Was a Follower of Okawaru.
             Killed from afar by Sigmund (8 damage)
             ... with a magic dart
             ... on level 2 of the Dungeon.
             The game lasted 00:00:29 (741 turns).

Delamore the Scratcher (Felid Transmuter)            Turns: 741, Time: 00:00:30

Health: -2/9       AC:  1    Str:  6    XL:     1   Next: 50%
Magic:  4/4        EV: 17    Int: 14    God:    Okawaru [*.....]
Gold:   33         SH:  0    Dex: 16    Spells: 3/4 levels left
                                        Lives:  0   Deaths: 0

rFire    . . .     SeeInvis +     - Unarmed
rCold    . . .     Faith    .   (shield unavailable)
rNeg     . . .     Spirit   .   (armour unavailable)
rPois    .         Reflect  .   (helmet unavailable)
rElec    .         Harm     .   (cloak unavailable)
rCorr    .         Rampage  .   (gloves unavailable)
Will     .....                  (boots unavailable)
Stlth    ++........             (no amulet)
HPRegen  0.03/turn              (no ring)
MPRegen  0.09/turn              (no ring)

@: quick
A: very small, claws 1, fangs 3, see invisible, speed 1, shaggy fur 1, stealthy
paws, no weapons or thrown items, no armour, multi-lived
a: Renounce Religion, Heroism


You were on level 2 of the Dungeon.
You worshipped Okawaru.
Okawaru was aware of your devotion.
You visited 1 branch of the dungeon, and saw 2 of its levels.

You collected 33 gold pieces.

Inventory:

Potions
 a - a potion of lignification {unknown}


   Skills:
 - Level 1.0 Fighting
 + Level 2.8 Dodging
 * Level 1.3 Stealth
 - Level 3.0 Unarmed Combat
 - Level 2.0 Spellcasting
 - Level 2.1 Transmutations


You had 3 spell levels left.
You knew the following spells:

 Your Spells              Type           Power      Damage    Failure   Level
a - Beastly Appendage     Tmut           14%        N/A       10%         1

Your spell library contained the following spells:

 Spells                   Type           Power      Damage    Failure   Level
 Wereblood                Tmut           7%         N/A       14%         2
 Spider Form              Tmut/Pois      2%         N/A       41%         3
 Ice Form                 Ice/Tmut       4%         N/A       83%         4


Dungeon Overview and Level Annotations

Branches:
Dungeon (2/15)

Altars:
Okawaru

Shops:
D:2 ?

Annotations:
D:2 Sigmund


Innate Abilities, Weirdness & Mutations

You have sharp claws.
You have razor-sharp teeth.
You have supernaturally acute eyesight. (SInv)
You cover ground quickly. (Speed+)
You are covered in fur. (AC +1)
Your paws help you pounce on unaware monsters.
You are incapable of wielding weapons or throwing items.
You cannot wear armour.
You gain extra lives every three experience levels.


Message History

You are too injured to fight recklessly!
You are too injured to fight recklessly!
There is a stone staircase leading up here.
You climb upwards.
There is a stone staircase leading down here.
You start resting.
HP restored.
There is an open door here.
There is an open door here.
There is an open door here.
There is an escape hatch in the floor here.
You slide downwards.
The hatch slams shut behind you.
Found a hunting sling.
Found a stone staircase leading down.
Found an escape hatch in the ceiling.
Found Waytoej's Magic Scroll Shoppe.
Found a stone staircase leading down.
A kobold comes into view. It is wielding a +0 dagger.
A kobold is nearby!
The helpless kobold fails to defend itself.
You claw the kobold!
You kill the kobold!
Okawaru accepts your kill.
Your Stealth skill increases to level 1!
No target in view!
Things that are here:
a +0 dagger; 3 stones; a kobold corpse A goblin comes into view.
It is wielding a +0 dagger.
A goblin is nearby!
The goblin shouts!
The goblin barely misses you.
You closely miss the goblin.
Sigmund the Dreaded comes into view.
He is wielding a +4 scythe of venom.
The goblin hits you with a +0 dagger.
You claw the goblin!
You kill the goblin!
Okawaru accepts your kill.
Sigmund points at you and mumbles some strange words.
The magic dart hits you!
Ouch! That really hurt!
You die...

#
.####.########
..@....@.....#
#####.######.#
# #.# #.# #.#
#.# #)#
#.#####
#.....#


You could see Sigmund.

Vanquished Creatures
  A goblin (D:2)
  A hobgoblin (D:1)
  A ball python (D:1)
  A kobold (D:2)
4 creatures vanquished.

Notes
Turn   | Place    | Note
-------+----------+-------------------------------------------
     0 | D:1      | Delamore the Felid Transmuter began the quest for the Orb.
     0 | D:1      | Reached XP level 1. HP: 9/9 MP: 4/4
   102 | D:1      | Found a faded altar of an unknown god.
   303 | D:1      | Became a worshipper of Warmaster Okawaru
   303 | D:1      | Reached * piety under Okawaru
   708 | D:2      | Found Waytoej's Magic Scroll Shoppe.
   729 | D:2      | Reached skill level 1 in Stealth
   739 | D:2      | Noticed Sigmund
   741 | D:2      | Killed from afar by Sigmund

Illustrated notes

Levels and vault maps discovered:
D:1:      arrival_zaba_pyramid, layout_basic,
          hellmonk_ecumenical_altar_pennies_from_heaven, minivault_5,
          minmay_hexomino_c4
D:2:      wad_crossroads, layout_loops_ring, serial_shops, shop_statue,
          uniq_crazy_yiuf_cottage, uniq_jessica, uniq_sigmund, uniq_robin

Skill      XL: |  1 |
---------------+----+-----
Stealth        | 1 |  1.3
Fighting       | |  1.0
Dodging        | |  2.8
Unarmed Combat | |  3.0
Spellcasting   | |  2.0
Transmutations | |  2.1

Action                   || total
-------------------------++-------
Melee: Unarmed           ||     9
 Stab: Sleeping          ||     1
Dodge: Dodged            ||     3
